 Dungeon Crawl Stone Soup version 0.30.1-3-gfc49f6343a (webtiles) character file.

Game seed: 17605236886421118722

1989 Peloso the Carver (level 9, -2/75 HPs)
             Began as a Minotaur Fighter on Aug 5, 2023.
             Slain by a slime creature (16 damage)
             ... on level 5 of the Dungeon.
             The game lasted 00:12:54 (6255 turns).

Peloso the Carver (Minotaur Fighter)                Turns: 6255, Time: 00:12:55

Health: -2/75      AC: 12    Str: 24    XL:     9   Next: 1%
Magic:  8/8        EV:  9    Int:  5    God:
Gold:   251        SH:  5    Dex: 11    Spells: 8/8 levels left

rFire   + . .        a - +0 long sword
rCold   . . .        d - +0 buckler
rNeg    . . .        b - +0 chain mail
rPois   +            (helmet restricted)
rElec   .            (no cloak)
rCorr   .            (no gloves)
SInv    .            c - +0 pair of boots
Will    .....        (no amulet) Stlth
                     k - ring of flight
HPRegen 0.32/turn    g - ring of poison resistance
MPRegen 0.11/turn

%: no passive effects
@: flying
A: horns 2, retaliatory headbutt, fire resistance 1
a: no special abilities


You were on level 5 of the Dungeon.
You visited 1 branch of the dungeon, and saw 6 of its levels.
You also visited: Sewer.

You collected 251 gold pieces.

Inventory:

Hand Weapons
 a - a +0 long sword (weapon)
Armour
 b - a +0 chain mail (worn)
 c - a +0 pair of boots (worn)
 d - a +0 buckler (worn)
Jewellery
 g - a ring of poison resistance (right hand)
 k - a ring of flight (left hand)
 u - an amulet of magic regeneration
Wands
 e - a wand of roots (8)
 l - a wand of polymorph (15)
 t - a wand of flame (17)
Scrolls
 f - a scroll of noise
 j - a scroll of poison
 n - a scroll of summoning
 p - 2 scrolls of magic mapping
 r - a scroll of immolation
 s - a scroll of blinking
 w - 2 scrolls of fog {unknown}
Potions
 h - 4 potions of might
 i - a potion of resistance
 m - a potion of curing
 o - a potion of haste
 q - 2 potions of invisibility
 v - a potion of flight


   Skills:
 + Level 6.2 Fighting
 + Level 9.5 Long Blades
 + Level 8.3 Armour
 + Level 2.3 Dodging
 + Level 0.6 Stealth
 + Level 5.7 Shields


You had 8 spell levels left.
You didn't know any spells.
Your spell library contained the following spells:

 Spells                   Type           Power      Damage    Failure   Level
 Scorch                   Fire           0%         2d5       99%         2
 Dazzling Flash           Conj/Hex       0%         N/A       100%        3
 Hailstorm                Conj/Ice       0%         3d3       100%        3
 Flame Wave               Conj/Fire      0%         2d4       100%        4
 Ice Form                 Ice/Tmut       0%         N/A       100%        4
 Agony                    Necr           0%         N/A       100%        5
 Silence                  Hex/Air        0%         N/A       100%        5
 Simulacrum               Ice/Necr       0%         N/A       100%        6
 Summon Cactus Giant      Summ           0%         N/A       100%        6


Dungeon Overview and Level Annotations

Branches:
Dungeon (6/15)              Sewer (visited)
 Temple: D:4-7

Altars:
Ashenzari
Elyvilon
Qazlal
Trog

Shops:
D:3 [

Annotations:
D:4 2 transporters, ymhsbmbesitwf's ghost, amateur MiFi


Innate Abilities, Weirdness & Mutations

You have a pair of horns on your head.
You reflexively headbutt those who attack you in melee.
Your flesh is heat resistant. (rF+)


Message History

You headbutt the slime creature!
The slime creature is lightly wounded.
The slime creature hits you but does no damage.
The slime creature hits you!
You fly upwards.
There is a stone staircase leading down here.
You see here a +0 giant club.
You hit the slime creature. You headbutt the slime creature.
The slime creature is moderately wounded.
The slime creature closely misses you.
You slash the slime creature!
The slime creature is heavily wounded.
The slime creature barely misses you.
You hit the slime creature.
The slime creature is heavily wounded.
You block the slime creature's attack.
You slash the slime creature!
Your headbutt misses the slime creature.
The slime creature is heavily wounded.
The slime creature hits you!
* * * LOW HITPOINT WARNING * * *
You hit the slime creature.
The slime creature is severely wounded.
You block the slime creature's attack.
You hit the slime creature.
The slime creature is severely wounded.
The slime creature closely misses you.
You slash the slime creature! You headbutt the slime creature.
The slime creature is almost dead.
The slime creature misses you.
You hit the slime creature but do no damage.
You headbutt the slime creature.
The slime creature is almost dead.
You are no longer corroded.
The slime creature hits you!
* * * LOW HITPOINT WARNING * * *
You hit the slime creature but do no damage.
The slime creature is almost dead.
The slime creature hits you!
You die...

#.####.##########.....# #.#
#..##..# #.....# ####.#####.#...#
#.....#
.##..........#.#####.....#######
.#.........................#...##
...............########.........#
##..............# #...........
#############.#J######...........
#...@................ ♣♣♣♣
#...#######.........# .♣.♣♣♣#####
#.#.# ##...#...## P.♣..♣#...#
#.#.# ######### ♣♣♣♣♣.?...# #.#.#
♣ ♣♣#..)# ###.# ♣ ##### #...#
##..######## #.....#...##


You could see a slime creature.

Vanquished Creatures
  Sigmund (D:5)
  Duvessa (D:5)
  A sky beast (D:6)
  A black bear (D:5)
  An ogre (D:5)
  A phantom (D:6)
  7 kobold brigands
  A bullfrog (D:6)
  3 wights (D:6)
  Dowan (D:5)
  A howler monkey (D:5)
  A hound (D:4)
  Crazy Yiuf (D:5)
  3 jellies
  An orc priest (D:5)
  A sleepcap (D:4)
  2 iguanas
  2 orc wizards
  6 gnolls
  11 adders
  2 river rats (Sewer)
  A shadow imp (D:6)
  3 dart slugs
  3 worms
  16 orcs
  4 endoplasms
  5 giant cockroaches
  4 goblins
  6 hobgoblins
  2 jackals (Sewer)
  9 quokkas
  8 ball pythons
  4 bats
  9 frilled lizards
  4 kobolds
  14 rats
141 creatures vanquished.

Notes
Turn   | Place    | Note
-------+----------+-------------------------------------------
     0 | D:1      | Peloso the Minotaur Fighter began the quest for the Orb.
     0 | D:1      | Reached XP level 1. HP: 19/19 MP: 0/0
   280 | D:1      | Reached XP level 2. HP: 27/27 MP: 1/1
  1241 | D:2      | Reached XP level 3. HP: 33/33 MP: 2/2
  1466 | D:2      | Reached skill level 3 in Long Blades
  1550 | D:2      | Gained mutation: Your flesh is heat resistant. (rF+)
                  | [potion of mutation]
  1598 | D:3      | Reached XP level 4. HP: 16/40 MP: 3/3
  1799 | D:3      | Found Kestruiv's Armour Shoppe.
  2421 | D:3      | Reached skill level 1 in Dodging
  2650 | D:3      | Reached XP level 5. HP: 46/46 MP: 4/4
  3055 | D:4      | Reached skill level 5 in Armour
  3075 | D:4      | Found a glowing drain.
  3083 | D:4      | Reached skill level 4 in Long Blades
  3086 | Sewer    | Entered a sewer
  3265 | Sewer    | Reached skill level 5 in Long Blades
  3265 | Sewer    | Reached XP level 6. HP: 50/53 MP: 5/5
  3936 | D:4      | Found a bloodstained altar of Trog.
  3948 | D:4      | Reached skill level 6 in Long Blades
  4124 | D:4      | Noticed ymhsbmbesitwf's ghost (amateur MiFi)
  4141 | D:4      | Found a transporter.
  4145 | D:4      | Found a transporter.
  4230 | D:4      | Reached XP level 7. HP: 60/60 MP: 6/6
  4288 | D:4      | Found a broken altar of Ashenzari.
  4436 | D:5      | Entered Level 5 of the Dungeon
  4445 | D:5      | Noticed Sigmund
  4464 | D:5      | Killed Sigmund
  4465 | D:5      | Found a stormy altar of Qazlal.
  4566 | D:5      | Reached skill level 5 in Fighting
  4566 | D:5      | Reached skill level 7 in Long Blades
  4566 | D:5      | Reached skill level 5 in Shields
  4958 | D:5      | Noticed Dowan
  4971 | D:5      | Reached XP level 8. HP: 57/68 MP: 7/7
  4984 | D:5      | Killed Dowan
  5048 | D:5      | Noticed Duvessa
  5066 | D:5      | HP: 3/68 [Duvessa/+0 short sword (4)]
  5069 | D:5      | Killed Duvessa
  5070 | D:5      | Reached skill level 8 in Long Blades
  5353 | D:5      | Found a runed translucent door.
  5354 | D:5      | Noticed Crazy Yiuf
  5457 | D:5      | Killed Crazy Yiuf
  5825 | D:6      | Found a white marble altar of Elyvilon.
  5911 | D:6      | Reached skill level 9 in Long Blades
  6203 | D:6      | Noticed a slime creature
  6203 | D:6      | Noticed a slime creature
  6203 | D:6      | Noticed a slime creature
  6214 | D:6      | Reached XP level 9. HP: 73/75 MP: 8/8
  6255 | D:5      | Slain by a slime creature

Illustrated notes

Levels and vault maps discovered:
D:1:      dpeg_arrival_refuge, layout_basic, reono_crystal_passage,
          dreamdust_princess_bridge
D:2:      layout_loops_ring, minmay_misc_feat_chi
D:3:      layout_loops_corners, serial_shops, shop, fountainhead
D:4:      layout_rooms, ashenzari_altar_1, trog_three_pillars_becter,
          gup_sewer_entry_spiral, gammafunk_ghost_arena
D:5:      layout_rooms, nicolae_qazlal_general_emergency, uniq_sigmund,
          uniq_crazy_yiuf_cottage, uniq_duvessa
D:6:      cheibrodos_fertilizer, layout_loops_ring, elyvilon_altar_3,
          minmay_temple_entry_fiery, minmay_diced_spiral

Skill      XL: |  1  2  3  4  5  6  7  8 |
---------------+-------------------------+-----
Shields        | 4 5 |  5.7
Fighting       | 4 5 6 |  6.2
Armour         | 4 5 6 8 |  8.3
Long Blades    | 3 5 6 7 9 |  9.5
Dodging        | 1 2 |  2.3
Stealth        | |  0.6

Action                     |  1- 3 |  4- 6 |  7- 9 || total
---------------------------+-------+-------+-------++-------
  Melee: Long sword        |    81 |   239 |   232 ||   552
         Headbutt          |    13 |    40 |    47 ||   100
    Use: Potion            |     4 |     1 |     1 ||     6
         Scroll            |       |     3 |     7 ||    10
   Stab: Invisible         |     1 |       |       ||     1
 Armour: Scale mail        |    50 |       |       ||    50
         Chain mail        |       |   132 |    90 ||   222
  Dodge: Dodged            |    37 |    90 |    71 ||   198
  Block: Buckler           |    21 |    43 |    39 ||   103
